 Dungeon Crawl Stone Soup version 0.20.0-6-gd3061e9 (console) character file.

85568 removed the Covert (level 16, -9/105 HPs)
             Began as a Halfling Ice Elementalist on May 27, 2017.
             Was the Champion of Okawaru.
             Shot with an arrow by a centaur (13 damage)
             ... summoned by a glowing orange brain
             ... on level 15 of the Dungeon on May 28, 2017.
             The game lasted 02:11:23 (38280 turns).

removed the Covert (Halfling Ice Elementalist)     Turns: 38280, Time: 02:11:25

Health: -9/105     AC: 18    Str:  5      XL:     16   Next: 31%
Magic:  37/37      EV: 16    Int: 20 (21) God:    Okawaru [******]
Gold:   1986       SH:  0    Dex: 17      Spells: 9/31 levels left

rFire    . . .     SeeInvis .   b - +2 double sword (protect)
rCold    . . .     Gourm    .   (shield currently unavailable)
rNeg     . . .     Faith    .   j - +5 ring mail of Defiance {MR+ Str-4 Slay+2}
rPois    .         Spirit   .   h - +0 helmet {Int+3}
rElec    .         Reflect  .   P - +2 cloak
rCorr    .         Harm     .   m - +0 pair of gloves
MR       ++...                  k - +0 pair of boots
Stlth    ++++......             (no amulet)
Regen    0.3/turn               w - ring of magical power
MPRegen  0.3/turn               I - +3 ring of slaying

@: very slightly contaminated, slowed, very slow
A: mutation resistance 1
a: Heroism, Finesse, Renounce Religion


You were on level 15 of the Dungeon.
You worshipped Okawaru.
Okawaru was exalted by your worship.
You were hungry.

You visited 3 branches of the dungeon, and saw 23 of its levels.
You also visited: Sewer and Ice Cave.

You collected 2118 gold pieces.
You spent 132 gold pieces at shops.

Inventory:

Hand Weapons
 a - a +2 dagger of draining
 b - a +2 double sword of protection (weapon)
 g - a +0 blowgun
Missiles
 x - 14 curare-tipped needles
Armour
 f - the +0 cloak of the Iron Devil {Str+2 Int+2 Dex+4}
   (Okawaru gifted it to you on level 2 of the Lair of Beasts)

   It affects your strength (+2).
   It affects your intelligence (+2).
   It affects your dexterity (+4).
 h - a +0 helmet of intelligence (worn)
 j - the +5 ring mail of Defiance (worn) {MR+ Str-4 Slay+2}
   (You found it on level 13 of the Dungeon)

   It affects your strength (-4).
   It affects your accuracy and damage with ranged weapons and melee attacks
   (+2).
   It affects your resistance to hostile enchantments.
 k - a +0 pair of boots (worn)
 m - a +0 pair of gloves (worn)
 q - a +2 leather armour of cold resistance
 t - +0 acid dragon scales
 y - a +2 robe of the Archmagi
 z - a +2 leather armour of fire resistance
 P - a +2 cloak (worn)
Jewellery
 w - a ring of magical power (left hand)
 I - a +3 ring of slaying (right hand)
Wands
 i - a wand of paralysis (8/24)
 E - a wand of disintegration (13/24)
 G - a wand of iceblast (0/15)
 N - a wand of disintegration (11/24)
 O - a wand of disintegration (12/24)
Scrolls
 d - a scroll of fog
 l - 4 scrolls of recharging
 u - 14 scrolls of identify
 v - a scroll of brand weapon
 C - 7 scrolls of remove curse
 H - 2 scrolls of teleportation
 J - a scroll of blinking
 K - 2 scrolls of enchant armour
 Q - 5 scrolls of amnesia
 U - 6 scrolls of magic mapping
 W - a scroll of fear
 X - 2 scrolls of immolation
 Z - 6 scrolls of enchant weapon
Potions
 e - a potion of haste
 p - a potion of ambrosia
 r - 2 potions of magic
 s - a potion of resistance
 A - 2 potions of cancellation
 D - 3 potions of agility
 F - 4 potions of flight
 L - 2 potions of brilliance
 M - 6 potions of curing
 R - a potion of might
 Y - 4 potions of mutation
Books
 S - a book of Death

   Spells                             Type                      Level
   a - Corpse Rot                     Necromancy                   2
   b - Sublimation of Blood           Necromancy                   2
   c - Agony                          Necromancy                   5
   d - Dispel Undead                  Necromancy                   5
   e - Excruciating Wounds            Charms/Necromancy            5
   f - Bolt of Draining               Conjuration/Necromancy       5
Comestibles
 c - 6 bread rations
 n - 3 fruits
 o - 5 royal jellies
 B - 5 chunks of flesh
 V - 9 meat rations


   Skills:
 - Level 8.1 Fighting
 - Level 10.0(12.1) Short Blades
 + Level 9.7(10.9) Long Blades
 - Level 5.2 Armour
 - Level 10.1 Dodging
 - Level 11.0 Stealth
 - Level 8.1 Spellcasting
   Level 0.7 Conjurations
 - Level 10.0 Hexes
 - Level 10.0 Ice Magic
 - Level 7.1 Invocations


You had 9 spell levels left.
You knew the following spells:

 Your Spells              Type           Power        Failure   Level  Hunger
a - Freeze                Ice            ####         1%          1    None
b - Ensorcelled Hibernat  Hex/Ice        #####.       1%          2    None
c - Confuse               Hex            #####...     1%          3    None
d - Tukima's Dance        Hex            #####...     1%          3    None
e - Metabolic Englaciati  Hex/Ice        #####.....   16%         5    #####..
g - Agony                 Necr           #.......     100%        5    #####..
o - Ozocubu's Armour      Chrm/Ice       ####....     13%         3    None


Dungeon Overview and Level Annotations

Branches:
Dungeon (15/15)            Temple (0/1) D:4            Lair (6/6) D:8
 Shoals (0/4) Lair:3        Snake (0/4) Lair:2        Slime (0/5) Lair:5
    Orc (2/2) D:12            Elf (0/3) Orc:2        Vaults (0/5) D:13
 Depths (0/5) D:15

Altars:
Cheibriados
Dithmenos
Elyvilon
Fedhas
Gozag
Kikubaaqudgha
Makhleb
Okawaru
Trog
Vehumet
Yredelemnul
Beogh

Shops:
Orc:2 [(*:

Portals:
Trove: D:13 (give 20 scrolls of identify)

Annotations:
D:2 exclusions: Sigmund, downstairs, worm and 1 more exclusion
D:4 exclusion: downstairs
D:10 exclusion: downstairs
D:15 32 runed doors


Innate Abilities, Weirdness & Mutations

You are small and have problems with some larger weapons.
You are somewhat resistant to further mutation.


Message History

The centaur shoots an arrow.
The arrow completely misses you.
The arrow dissolves into shadows!
The centaur shoots an arrow.
The arrow hits you!
* * * LOW HITPOINT WARNING * * *
The arrow dissolves into shadows!
The centaur shoots an arrow.
The arrow closely misses you.
The arrow dissolves into shadows!
The centaur shoots an arrow.
The arrow barely misses you.
The arrow dissolves into shadows!
The centaur shoots an arrow.
The arrow hits you but does no damage.
The arrow dissolves into shadows!
The centaur shoots an arrow.
The arrow closely misses you.
The arrow dissolves into shadows!
The glowing orange brain pulsates.
Something tries to feed on your intellect!
A glowing orange brain comes into view.
The centaur shoots an arrow.
The arrow closely misses you.
The arrow dissolves into shadows!
The glowing orange brain pulsates.
You resist with almost no effort.
The centaur shoots an arrow.
The arrow hits you!
You die...

..####...#....#.##......####§≈...
.........#.......#.........#..≈≈.
..#......##...G..#.............≈.
###......##.c....#...............
..#......##......................
#.#.#.#...................#...(..
#...#.#.........W.........#......
...##.##...#####.......≈≈§#......
....#..........#@.......≈........
....#..........#.........§....###
....#..........#.................
....cc###.#....#.................
......# #......'.......###.......
.#....#####....#....#### #.....##
##...###.......#..G.#### #......#
...#...........'...[...###......#
####....[......#................#


You could see 2 glowing orange brains, a freezing wraith and a centaur.

Vanquished Creatures
  An orc warlord (Orc:2)
  3 vault guards (D:13)
  5 hydras
  A catoblepas (Lair:5)
  A centaur warrior (D:13)
  A death knight (D:11)
  4 two-headed ogres
  3 tengu warriors
  A queen ant (Lair:3)
  2 orc high priests (Orc:2)
  Sonja (D:13)
  5 skeletal warriors
  An unseen horror (D:12)
  3 deep elf magi
  5 orc knights
  A phantasmal warrior (D:15)
  Pikel (D:5)
  A necromancer (IceCv)
  A wolf spider zombie (D:15)
  A shining eye (shapeshifter) (D:15)
  A manticore (D:15)
  8 ugly things
  4 orc sorcerers
  3 cyclopes
  5 black mambas
  A merfolk siren (Lair:3)
  3 centaur zombies
  2 ice statues (IceCv)
  5 rime drakes
  3 centaur skeletons
  10 spiny frogs
  9 komodo dragons
  5 ice devils (IceCv)
  An efreet (D:14)
  4 freezing wraiths
  4 kobold demonologists
  12 trolls
  3 meliai (D:14)
  2 polar bears
  Prince Ribbit (D:6)
  Grinder (D:3)
  11 slime creatures
  A slime creature (shapeshifter) (D:15)
  8 hippogriffs
  4 blink frogs (Lair:1)
  A dancing weapon (Orc:2)
  4 shadows
  Sigmund (D:2)
  A vampire (D:15)
  44 yaks
  2 wraiths
  A human (shapeshifter) (D:15)
  Grum (D:11)
  Eustachio (D:5)
  6 basilisks
  2 wyverns
  2 hungry ghosts
  8 vampire mosquitoes
  5 wargs
  A warg (shapeshifter) (D:15)
  4 nagas (Lair:2)
  21 soldier ants
  11 water moccasins
  2 acid dragons
  8 porcupines
  2 sky beasts
  2 phantoms
  6 ice beasts
  3 slaves (D:5)
  2 hornet zombies
  33 orc warriors
  A black bear (D:10)
  13 ogres
  A necrophage (D:6)
  14 wolves
  22 centaurs
  9 crocodiles
  5 big kobolds
  A wyvern zombie (D:14)
  17 bullfrogs
  5 scorpions
  13 killer bees
  17 wights
  An electric eel (Lair:2)
  2 howler monkeys (D:9)
  8 crimson imps
  8 hounds
  3 quasits
  3 bullfrog zombies
  4 draconian simulacra (IceCv)
  Crazy Yiuf (D:3)
  18 orc priests
  8 jellies
  4 bullfrog skeletons
  4 iguanas
  Terence (D:2)
  30 worker ants
  20 orc wizards
  4 hell rats (Lair:2)
  2 spriggan simulacra (IceCv)
  2 troll simulacra (IceCv)
  A centaur simulacrum (IceCv)
  A hound zombie (D:11)
  A hound skeleton (D:8)
  2 worker ant zombies
  An ogre simulacrum (IceCv)
  16 adders
  9 river rats
  A shadow imp (D:8)
  7 oozes
  4 worms
  4 dart slugs
  6 leopard geckos
  87 orcs
  4 ball pythons
  7 giant cockroaches
  10 goblins
  9 hobgoblins
  8 jackals
  24 kobolds
  2 quokkas
  11 bats
  5 frilled lizards
  20 rats
  A rat zombie (D:7)
  A fungus (Lair:2)
810 creatures vanquished.

Vanquished Creatures (collateral kills)
  An orc warlord (Orc:2)
  3 orc warriors
  3 orcs (Orc:1)
7 creatures vanquished.

Vanquished Creatures (others)
  A vault guard (D:13)
  A hydra (Lair:5)
  2 dancing weapons
  A quokka (D:7)
  15 fungi
  13 plants
33 creatures vanquished.

Grand Total: 850 creatures vanquished

Notes
Turn   | Place    | Note
-------+----------+-------------------------------------------
     0 | D:1      | removed the Halfling Ice Elementalist began the quest for the Orb.
     0 | D:1      | Reached XP level 1. HP: 11/11 MP: 3/3
   348 | D:1      | Reached XP level 2. HP: 17/17 MP: 2/4
   791 | D:1      | Reached XP level 3. HP: 20/21 MP: 2/5
  1577 | D:2      | Found an iron altar of Okawaru.
  1577 | D:2      | Noticed Sigmund
  1644 | D:2      | Noticed Terence
  1650 | D:2      | Reached XP level 4. HP: 27/27 MP: 3/6
  1714 | D:2      | Killed Terence
  1714 | D:2      | Reached skill level 5 in Ice Magic
  2186 | D:2      | Reached XP level 5. HP: 29/31 MP: 4/7
  2308 | D:2      | Became a worshipper of Warmaster Okawaru
  2323 | D:2      | Killed Sigmund
  2323 | D:2      | Reached * piety under Okawaru
  2323 | D:2      | Reached XP level 6. HP: 21/36 MP: 0/8
  2582 | D:3      | Noticed Grinder
  2965 | D:3      | Found an opulent altar of Gozag.
  3302 | D:3      | Found a runed door.
  3319 | D:3      | Found a blossoming altar of Fedhas.
  3575 | D:4      | Learned a level 3 spell: Ozocubu's Armour
  3578 | D:4      | Learned a level 2 spell: Ensorcelled Hibernation
  3594 | D:4      | Noticed a phantom
  3892 | D:5      | Entered Level 5 of the Dungeon
  4008 | D:5      | Noticed an ice beast
  4034 | D:5      | Reached skill level 1 in Hexes
  4038 | D:5      | Reached XP level 7. HP: 32/41 MP: 10/10
  4721 | D:5      | Reached skill level 1 in Short Blades
  4848 | D:5      | Reached ** piety under Okawaru
  4854 | D:5      | Found a shadowy altar of Dithmenos.
  4854 | D:5      | Noticed Eustachio
  4967 | D:5      | Killed Eustachio
  5155 | D:5      | Reached XP level 8. HP: 16/46 MP: 7/11
  5474 | D:6      | Reached skill level 5 in Short Blades
  5595 | D:6      | Noticed Prince Ribbit
  5604 | D:6      | Killed Prince Ribbit
  5967 | D:6      | Reached *** piety under Okawaru
  5997 | D:6      | Found a glowing drain.
  6001 | Sewer    | Entered a sewer
  6738 | D:6      | Learned a level 3 spell: Confuse
  6833 | D:6      | Reached XP level 9. HP: 53/55 MP: 8/12
  7241 | D:6      | Reached skill level 5 in Hexes
  7775 | D:5      | Noticed Pikel
  7942 | D:5      | Killed Pikel
  7942 | D:5      | Reached **** piety under Okawaru
  8352 | D:4      | Found a staircase to the Ecumenical Temple.
  8834 | D:3      | Killed Grinder
  9017 | D:3      | Noticed Crazy Yiuf
  9036 | D:3      | Killed Crazy Yiuf
  9312 | D:6      | Learned a level 3 spell: Tukima's Dance
  9405 | D:7      | Reached XP level 10. HP: 62/62 MP: 7/14
  9603 | D:7      | Found a white marble altar of Elyvilon.
  9832 | D:7      | Reached ***** piety under Okawaru
 10042 | D:7      | Reached skill level 3 in Stealth
 10373 | D:7      | Found an ancient bone altar of Kikubaaqudgha.
 10490 | D:8      | Identified Sif Muna's Papyrus of Cankerous Orientation
 10510 | D:8      | Found an ancient bone altar of Kikubaaqudgha.
 10552 | D:8      | Found a snail-covered altar of Cheibriados.
 10558 | D:8      | Reached skill level 4 in Stealth
 10743 | D:8      | Found a shadowy altar of Dithmenos.
 10812 | D:8      | Noticed a two-headed ogre
 10828 | D:8      | Killed a two-headed ogre
 10828 | D:8      | Reached skill level 6 in Stealth
 10865 | D:8      | Found a radiant altar of Vehumet.
 11039 | D:8      | Reached skill level 5 in Dodging
 11223 | D:8      | Found a staircase to the Lair.
 11495 | D:8      | Found a basalt altar of Yredelemnul.
 11582 | D:9      | Noticed a deep elf mage
 11593 | D:9      | Killed a deep elf mage
 11704 | D:9      | Reached XP level 11. HP: 69/69 MP: 2/16
 12037 | D:9      | Found a burning altar of Makhleb.
 12037 | D:9      | Found a bloodstained altar of Trog.
 12295 | D:9      | Noticed a two-headed ogre
 12372 | D:9      | Killed a two-headed ogre
 12372 | D:9      | Received a gift from Okawaru
 12810 | D:9      | Reached skill level 5 in Spellcasting
 12851 | D:10     | Entered Level 10 of the Dungeon
 13015 | D:10     | Noticed a two-headed ogre
 13034 | D:10     | Killed a two-headed ogre
 13387 | D:10     | Reached skill level 10 in Short Blades
 13677 | D:11     | Noticed a brown ugly thing
 13829 | D:11     | Reached skill level 1 in Invocations
 13960 | D:11     | Noticed an eight-headed hydra
 14163 | Lair:1   | Entered Level 1 of the Lair of Beasts
 14235 | Lair:1   | Noticed a four-headed hydra
 14274 | D:8      | Reached ****** piety under Okawaru
 14451 | D:8      | Killed a four-headed hydra
 14451 | D:8      | Reached XP level 12. HP: 57/74 MP: 15/19
 14640 | Lair:1   | Received a gift from Okawaru
 15491 | Lair:1   | Reached skill level 5 in Fighting
 15831 | Lair:1   | Reached skill level 5 in Invocations
 15842 | Lair:1   | Reached skill level 7 in Stealth
 16221 | Lair:2   | Noticed a death yak
 16221 | Lair:2   | Noticed a death yak
 16223 | Lair:2   | Noticed a death yak
 16786 | Lair:2   | Noticed a death yak
 16862 | Lair:2   | Reached skill level 8 in Stealth
 17168 | Lair:2   | Got an ichor-stained plate armour
 17543 | Lair:3   | Reached XP level 13. HP: 82/82 MP: 7/20
 18125 | Lair:2   | Found a staircase to the Snake Pit.
 18267 | Lair:2   | Received a gift from Okawaru
 18268 | Lair:2   | Got a faintly glowing cloak {god gift}
 18286 | Lair:2   | Identified the +0 cloak of the Iron Devil {Str+2 Int+2 Dex+4} (Okawaru gifted it to you on level 2 of the Lair of Beasts)
 18976 | Lair:3   | Noticed a seven-headed hydra
 19222 | Lair:3   | Noticed a five-headed hydra
 19239 | Lair:3   | Killed a five-headed hydra
 19367 | Lair:3   | Found a staircase to the Shoals.
 19533 | Lair:3   | Killed a seven-headed hydra
 19745 | Lair:4   | Noticed a four-headed hydra
 20108 | Lair:3   | Identified the +9 plate armour "Juimp" {rCorr MP+9 Slay+5} (You found it on level 2 of the Lair of Beasts)
 20686 | Lair:4   | Killed a four-headed hydra
 21370 | Lair:5   | Got a faintly humming scale mail
 21547 | Lair:5   | Noticed a catoblepas
 21580 | Lair:5   | Killed a catoblepas
 21639 | Lair:5   | Reached skill level 10 in Hexes
 21669 | Lair:5   | Found a staircase to the Slime Pits.
 21827 | Lair:5   | Noticed a four-headed hydra
 21850 | Lair:5   | Reached XP level 14. HP: 89/90 MP: 11/24
 22109 | Lair:6   | Entered Level 6 of the Lair of Beasts
 22162 | Lair:6   | Received a gift from Okawaru
 22166 | Lair:6   | Reached skill level 9 in Stealth
 22178 | Lair:5   | Upgraded the game from 0.20.0-4-g10b340a to 0.20.0-6-gd3061e9
 22606 | Lair:5   | Reached skill level 10 in Stealth
 22748 | Lair:2   | Identified the cursed +1 scale mail of Death Resistance {rF+ Slay+2} (You found it on level 5 of the Lair of Beasts)
 23694 | D:11     | Reached skill level 10 in Ice Magic
 23743 | D:10     | Learned a level 5 spell: Metabolic Englaciation
 23869 | D:11     | Received a gift from Okawaru
 24084 | D:11     | Noticed Grum
 24086 | D:11     | Killed Grum
 24825 | D:12     | Received a gift from Okawaru
 24826 | D:12     | Got a bloodstained quick blade {god gift}
 24834 | D:12     | Identified the +2 quick blade of Keown {vamp, Fragile +Rage rElec rPois rC-} (Okawaru gifted it to you on level 12 of the Dungeon)
 24870 | D:12     | Found a frozen archway.
 24883 | D:12     | Reached skill level 10 in Dodging
 25040 | IceCv    | Entered an ice cave
 25455 | IceCv    | Got a twisted spear
 25457 | IceCv    | Got a smoking long sword
 25460 | IceCv    | Got a polished plate armour
 25635 | IceCv    | Identified the +3 plate armour of the Tick {rF++ MR+ Str-4 Stlth+} (You found it in an ice cave)
 25829 | IceCv    | Identified the +5 long sword of Division {flame, rF+ rC+} (You found it in an ice cave)
 26125 | D:12     | Reached skill level 11 in Stealth
 26158 | D:12     | Learned a level 5 spell: Agony
 26716 | D:12     | Found a staircase to the Orcish Mines.
 26719 | D:12     | Found a roughly hewn altar of Beogh.
 26813 | Orc:1    | Entered Level 1 of the Orcish Mines
 27293 | Orc:1    | Found a roughly hewn altar of Beogh.
 27469 | Orc:2    | Entered Level 2 of the Orcish Mines
 27649 | Orc:2    | Found Qipsonugimp's Antique Weapon Boutique.
 28040 | Orc:2    | Reached XP level 15. HP: 51/97 MP: 26/27
 28492 | Orc:2    | Noticed an orc warlord
 28530 | Orc:2    | Found Salyaff's General Store.
 28881 | Orc:2    | Received a gift from Okawaru
 29101 | Orc:2    | Found a staircase to the Elven Halls.
 29106 | Orc:2    | Found Maicaogu's Book Shop.
 29132 | Orc:2    | Noticed an orc warlord
 29261 | Orc:2    | Killed an orc warlord
 29608 | Orc:2    | Found Moihuturch's Antique Armour Shoppe.
 29946 | Orc:2    | Killed an orc warlord
 30101 | Orc:2    | Bought a glowing short sword for 132 gold pieces
 30388 | Orc:1    | Reached skill level 1 in Long Blades
 30866 | D:13     | Found a gate to the Vaults.
 31270 | D:13     | Noticed Sonja
 31280 | D:13     | Killed Sonja
 31280 | D:13     | Received a gift from Okawaru
 31925 | D:13     | Reached skill level 5 in Long Blades
 31963 | D:13     | Got a polished ring mail
 31995 | D:13     | Identified the +5 ring mail of Defiance {MR+ Str-4 Slay+2} (You found it on level 13 of the Dungeon)
 32377 | D:13     | Reached skill level 1 in Armour
 32937 | D:13     | HP: 3/99 [something (6)]
 33567 | D:13     | Found a portal to a secret trove of treasure.
 33744 | D:14     | Received a gift from Okawaru
 33751 | D:14     | Reached skill level 5 in Armour
 35270 | D:15     | Entered Level 15 of the Dungeon
 35486 | D:15     | Reached XP level 16. HP: 105/105 MP: 28/28
 36066 | D:15     | Found a huge runed gate.
 36066 | D:15     | Found a huge runed gate.
 36066 | D:15     | Found a huge runed gate.
 36066 | D:15     | Found a huge runed gate.
 36066 | D:15     | Found a huge runed gate.
 36067 | D:15     | Found a huge runed gate.
 36067 | D:15     | Found a huge runed gate.
 36068 | D:15     | Found a huge runed gate.
 36068 | D:15     | Found a huge runed gate.
 36093 | D:15     | Found a huge runed gate.
 36095 | D:15     | Found a huge runed gate.
 36095 | D:15     | Found a huge runed gate.
 36096 | D:15     | Found a huge runed gate.
 36097 | D:15     | Found a huge runed gate.
 36098 | D:15     | Found a huge runed gate.
 36099 | D:15     | Found a huge runed gate.
 36108 | D:15     | Found a huge runed gate.
 36108 | D:15     | Found a huge runed gate.
 36108 | D:15     | Found a huge runed gate.
 36108 | D:15     | Found a huge runed gate.
 36110 | D:15     | Found a huge runed gate.
 36111 | D:15     | Found a huge runed gate.
 36113 | D:15     | Found a huge runed gate.
 36114 | D:15     | Found a huge runed gate.
 36115 | D:15     | Found a huge runed gate.
 36124 | D:15     | Found a huge runed gate.
 36124 | D:15     | Found a huge runed gate.
 36124 | D:15     | Found a huge runed gate.
 36124 | D:15     | Found a huge runed gate.
 36124 | D:15     | Found a huge runed gate.
 36124 | D:15     | Found a huge runed gate.
 36124 | D:15     | Found a huge runed gate.
 36200 | D:15     | Received a gift from Okawaru
 37414 | D:15     | Found a staircase to the Depths.
 38263 | D:15     | HP: 4/105 [centaur warrior[a glowing orange brain] (5)]
 38270 | D:15     | HP: 5/105 [centaur/arrow[a glowing orange brain] (6)]
 38277 | D:15     | HP: 3/105 [centaur/arrow[a glowing orange brain] (10)]
 38280 | D:15     | Shot with an arrow by a centaur

Skill      XL: |  1  2  3  4  5  6  7  8  9 10 11 12 13 14 15 16 |
---------------+-------------------------------------------------+-----
Ice Magic      | 4 5 6 7 8 9 10 | 10.0
Spellcasting   | 2 3 5 7 8 |  8.1
Hexes          | 1 2 4 6 7 8 10 | 10.0
Short Blades   | 4 5 8 10 | 10.0
Fighting       | 3 4 6 7 8 |  8.1
Dodging        | 3 5 6 7 9 10 | 10.1
Stealth        | 6 8 11 | 11.0
Invocations    | 4 5 7 |  7.1
Long Blades    | 7 9 |  9.7
Armour         | 5 |  5.2
Conjurations   | |  0.7

Action                   |  1- 3 |  4- 6 |  7- 9 | 10-12 | 13-15 | 16-18 || total
-------------------------+-------+-------+-------+-------+-------+-------++-------
Melee: Dagger            |    23 |    61 |   191 |   670 |  1170 |    71 ||  2186
       Staff             |       |       |     8 |       |       |       ||     8
       Punch             |       |       |       |     2 |     1 |       ||     3
       Long sword        |       |       |       |       |    10 |       ||    10
       Double sword      |       |       |       |       |     8 |   222 ||   230
 Fire: Blowgun           |       |       |       |       |     4 |       ||     4
 Cast: Freeze            |    51 |    68 |   116 |       |     1 |       ||   236
       Ensorcelled Hiber |       |       |    36 |   187 |   370 |    13 ||   606
       Ozocubu's Armour  |       |       |     3 |     3 |     1 |       ||     7
       Confuse           |       |       |    23 |    47 |   144 |    18 ||   232
       Tukima's Dance    |       |       |       |     1 |    27 |     4 ||    32
Invok: Heroism           |       |     1 |     2 |     6 |    10 |     4 ||    23
Evoke: Wand              |       |       |       |       |    10 |       ||    10
  Use: Potion            |       |     8 |     1 |     1 |     6 |     2 ||    18
       Scroll            |       |     2 |     6 |    13 |    10 |     3 ||    34
 Stab: Sleeping          |     1 |     4 |    16 |   120 |   254 |     9 ||   404
       Confused          |       |       |    11 |    28 |    73 |    11 ||   123
       Distracted        |       |       |     1 |       |     1 |       ||     2
       Invisible         |       |       |       |       |     5 |       ||     5
       Petrified         |       |       |       |       |     2 |       ||     2
  Eat: Chunk             |     4 |     8 |    14 |    31 |    41 |     5 ||   103
       Bread ration      |       |       |     2 |     2 |     4 |     1 ||     9
       Royal jelly       |       |       |     1 |       |     2 |       ||     3
       Fruit             |       |       |       |       |     3 |       ||     3
Armor: Robe              |     8 |    14 |    24 |       |     8 |       ||    54
       Skin              |       |    10 |       |    39 |    44 |       ||    93
       Leather armour    |       |       |     7 |   125 |   158 |       ||   290
       Ring mail         |       |       |       |       |   156 |   113 ||   269
Dodge: Dodged            |    40 |    80 |   174 |   427 |   899 |   199 ||  1819
       Rpst.: Long sword |       |       |       |       |     3 |       ||     3
       Double sword      |       |       |       |       |     1 |    51 ||    52
